Map: Eternal Empire LE

Players

TLHarstem (Harstem) - Winner!

  • Race: Protoss Protoss
  • League: Master
  • Spawn Location: 1:00

soul

  • Race: Terran Terran
  • League: Grandmaster
  • Spawn Location: 7:00

Event: DreamHack SC2 Masters 2020 Fall

VOD

Have the link to the VOD?

Description

Time

  • Played on: Aug. 30, 2020, 11:35 a.m.
  • Length: 16:50

All games in this series

Show
View Real Time Build Order
Export as new Build Order

TLHarstem Protoss - Winner!

Build Orders: 1 Gate Expand, Double Forge, Colossus Rush 

Get SALT Encoding   

  12  0:00  Probe  
  13  0:12  Probe  
  14  0:18  Pylon  
  14  0:24  Probe  
  15  0:36  Gateway  
  15  0:37  Probe (Chrono Boost)  
  16  0:47  Probe (Chrono Boost)  
  16  0:48  Assimilator  
  17  0:52  Probe (Chrono Boost)  
  18  1:03  Probe  
  19  1:15  Probe  
  20  1:23  Cybernetics Core  
  20  1:33  Nexus  
  20  1:39  Pylon  
  20  1:42  Probe  
  21  1:49  Assimilator  
  21  1:55  Probe  
  21  1:56  Adept (Chrono Boost)  
  21  2:00  Warp Gate  
  24  2:07  Probe  
  25  2:09  Unknown  
  25  2:10  Unknown  
  25  2:11  Unknown  
  25  2:19  Probe (Chrono Boost)  
  25  2:20  Adept  
  29  2:30  Probe (Chrono Boost)  
  29  2:34  Probe (Chrono Boost)  
  30  2:40  Robotics Facility  
  30  2:45  Probe (Chrono Boost)  
  30  2:49  Stalker  
  34  2:51  Probe (Chrono Boost)  
  34  2:54  Probe (Chrono Boost)  
  36  2:58  Probe (Chrono Boost)  
  36  2:59  Probe (Chrono Boost)  
  37  3:07  Gateway  
  37  3:10  Gateway  
  37  3:13  Probe  
  37  3:18  Probe  
  39  3:25  Probe  
  40  3:30  Probe  
  40  3:33  Observer (Chrono Boost)  
  42  3:37  Probe  
  43  3:42  Probe, Pylon  
  43  3:46  Nexus  
  44  3:50  Probe  
  44  3:54  Probe  
  46  3:56  Observer  
  46  4:02  Probe  
  47  4:06  Probe, Stalker  
  50  4:11  Stalker  
  50  4:15  Probe  
  50  4:16  Pylon  
  54  4:17  Observer  
  54  4:18  Pylon  
  54  4:20  Assimilator  
  54  4:24  Assimilator  
  54  4:32  Shield Battery  
  54  4:34  Probe x2 (Chrono Boost), Pylon  
  56  4:39  Robotics Bay  
  56  4:46  Probe x2 (Chrono Boost)  
  58  4:54  Probe x2 (Chrono Boost)  
  58  4:56  Twilight Council, Forge  
  58  4:57  Forge  
  58  4:59  Probe (Chrono Boost)  
  61  5:06  Probe x2 (Chrono Boost)  
  63  5:10  Probe (Chrono Boost)  
  63  5:14  Probe (Chrono Boost)  
  66  5:16  Probe (Chrono Boost)  
  66  5:20  Probe (Chrono Boost), Gateway  
  67  5:24  Probe (Chrono Boost)  
  67  5:26  Colossus (Chrono Boost)  
  67  5:27  Probe (Chrono Boost)  
  76  5:28  Probe (Chrono Boost), Protoss Ground Armor Level 1 (Chrono Boost)  
  76  5:29  Probe (Chrono Boost)  
  76  5:31  Protoss Ground Weapons Level 1 (Chrono Boost)  
  77  5:37  Probe  
  77  5:39  Probe x2  
  80  5:43  Sentry, Zealot  
  80  5:45  Charge  
  80  5:47  Pylon  
  84  5:51  Probe  
  84  5:54  Probe, Pylon  
  84  5:56  Extended Thermal Lance  
  85  6:06  Gateway  
  85  6:11  Gateway x2  
  85  6:13  Gateway  
  85  6:17  Colossus (Chrono Boost)  
  85  6:22  Observer  
  91  6:33  Nexus  
  91  6:35  Zealot x3  
  91  6:38  Probe, Pylon  
  96  6:41  Photon Cannon  
  96  6:45  Probe  
  97  6:47  Probe, Pylon  
  97  6:51  Probe  
  99  6:54  Templar Archives  
  99  6:56  Shield Battery  
  99  6:59  Zealot x4  
  108  7:03  Warp Prism (Chrono Boost)  
  109  7:20  Stalker x5  
  119  7:24  Zealot x3  
  122  7:31  Protoss Ground Weapons Level 2 (Chrono Boost)  
  122  7:32  Protoss Ground Armor Level 2 (Chrono Boost)  
  122  7:36  Blink  
  122  7:39  Photon Cannon  
  122  7:41  Probe  
  123  7:50  Zealot x4  
  131  7:53  High Templar  
  131  7:56  Zealot x2  
  135  8:00  Probe, High Templar  
  138  8:11  Probe  
  138  8:12  Archon  
  135  8:16  Zealot  
  135  8:17  Probe, Zealot  
  135  8:19  Pylon  
  140  8:22  Pylon  
  140  8:25  Shield Battery, Photon Cannon  
  140  8:26  Pylon  
  140  8:30  Unknown  
  140  8:32  Pylon  
  140  8:37  Probe x4, Pylon  
  144  8:43  High Templar x2  
  144  8:44  Zealot x3  
  144  8:45  Zealot x2  
  158  8:49  Probe x2, Archon  
  156  8:56  Disruptor (Chrono Boost)  
  156  9:02  Robotics Facility  
  160  9:05  Observer  
  159  9:13  Nexus  
  159  9:14  Stalker x5  
  159  9:15  Pylon  
  166  9:26  Observer (Chrono Boost)  
  167  9:33  Photon Cannon  
  167  9:35  Photon Cannon  
  167  9:39  Zealot x3  
  167  9:40  Zealot x4, Disruptor (Chrono Boost)  
  167  9:44  Protoss Ground Armor Level 3 (Chrono Boost)  
  184  9:45  Protoss Ground Weapons Level 3 (Chrono Boost)  
  184  9:54  Disruptor  
  183  10:06  Disruptor  
  182  10:10  Zealot x4  
  182  10:14  Pylon  
  182  10:15  Pylon  
  182  10:18  Pylon, Photon Cannon  
  182  10:21  Photon Cannon  
  174  10:22  Stalker x4  
  176  10:33  Zealot x2  
  176  10:34  Zealot x2  
  184  10:36  Gravitic Drive (Chrono Boost)  
  184  10:37  Disruptor  
  187  10:43  Assimilator  
  187  10:44  Assimilator  
  187  10:45  Photon Cannon  
  187  10:46  Zealot x3  
  183  11:02  Probe  
  183  11:04  Probe  
  183  11:05  Probe, Dark Shrine, Assimilator  
  183  11:06  Zealot x5  
  183  11:11  Assimilator  
  194  11:13  Probe x2  
  194  11:14  Probe  
  198  11:18  Probe  
  198  11:20  Stalker  
  198  11:23  Photon Cannon  
  198  11:25  Photon Cannon  
  200  11:27  Photon Cannon  
  200  11:28  Photon Cannon  
  200  11:39  Gateway  
  200  11:43  Gateway  
  200  11:46  Gateway  
  192  11:55  Zealot x5  
  192  11:59  Disruptor x2 (Chrono Boost)  
  180  12:13  Stalker x3  
  158  12:15  Probe  
  158  12:16  Probe  
  158  12:22  Zealot x5  
  170  12:29  Nexus  
  169  12:37  Stalker x4  
  169  12:41  Disruptor (Chrono Boost)  
  173  12:44  Stalker x2  
  173  12:45  Stalker x5  
  165  12:59  Probe  
  165  13:03  Zealot x4  
  174  13:08  Dark Templar x3  
  162  13:19  Zealot x3  
  160  13:25  Stalker x6  
  165  13:37  Nexus  
  165  13:40  Dark Templar x3  
  165  13:41  Zealot x2  
  171  13:57  Stalker x6  
  179  14:17  Stalker x5  
  179  14:19  Probe  
  179  14:20  Probe  
  179  14:48  Stalker  
  179  14:49  Stalker x10  
  197  14:59  Unknown  
  182  15:28  Zealot x4  
  182  15:29  Zealot x5  
  197  15:43  Stalker  
  183  15:51  Dark Templar x2  
  183  15:52  Zealot x6  
  193  16:05  Stalker x3  
  193  16:10  Probe  
  193  16:11  Probe x3  
  197  16:18  Stalker x3  
  195  16:21  Photon Cannon  
  195  16:23  Photon Cannon  
  185  16:35  Probe  
  185  16:36  Pylon  
  185  16:37  Dark Templar x5  
  185  16:38  Dark Templar x2  
Show
View Real Time Build Order
Export as new Build Order

soul Terran 

Build Orders:  

Get SALT Encoding   

  12  0:00  SCV  
  13  0:12  SCV  
  14  0:17  Supply Depot  
  14  0:24  SCV  
  15  0:38  SCV  
  15  0:40  Barracks  
  16  0:44  Refinery  
  16  0:50  SCV  
  17  1:03  SCV  
  18  1:15  SCV  
  19  1:27  Orbital Command, Marine  
  20  1:47  Command Center  
  20  1:55  SCV, Factory  
  21  2:02  Supply Depot  
  21  2:04  Barracks Reactor  
  21  2:07  SCV  
  22  2:19  SCV  
  23  2:32  SCV  
  24  2:37  Command Center  
  24  2:46  Hellion  
  24  2:47  Hellion  
  24  2:50  SCV  
  29  2:51  Marine  
  30  3:00  Orbital Command  
  30  3:04  SCV  
  31  3:16  SCV  
  31  3:17  Factory Tech Lab  
  31  3:18  Marine  
  31  3:19  Marine  
  34  3:23  Bunker  
  35  3:27  SCV  
  35  3:28  SCV  
  36  3:37  Marine, Siege Tank  
  36  3:38  Marine  
  36  3:39  SCV  
  36  3:40  SCV  
  43  3:43  Barracks  
  43  3:51  SCV  
  43  3:52  Orbital Command  
  45  3:55  SCV, Engineering Bay  
  45  4:00  Marine x2  
  45  4:03  SCV  
  45  4:07  SCV, Refinery  
  47  4:13  Siege Tank  
  47  4:15  SCV  
  51  4:18  SCV, Marine x2  
  54  4:24  Missile Turret  
  54  4:26  Starport  
  54  4:28  SCV  
  54  4:29  SCV  
  57  4:31  SCV  
  57  4:37  Barracks  
  57  4:40  Refinery x2  
  57  4:41  SCV x2  
  57  4:43  Orbital Command  
  60  4:46  Supply Depot  
  60  4:47  Supply Depot  
  59  4:53  SCV x2  
  59  4:54  Terran Infantry Weapons Level 1  
  59  4:56  Factory Tech Lab  
  61  5:07  Marine x2  
  61  5:08  SCV x3, Marauder  
  61  5:09  Supply Depot  
  61  5:10  Supply Depot  
  61  5:13  Starport Reactor  
  68  5:14  Stimpack  
  68  5:20  SCV x2  
  68  5:21  SCV  
  71  5:29  Factory Reactor  
  71  5:30  Marauder, Marine x2  
  71  5:32  SCV x2  
  71  5:33  SCV  
  78  5:36  Supply Depot, Marine  
  78  5:40  Combat Shield  
  78  5:41  Supply Depot  
  79  5:44  SCV x2  
  79  5:46  Barracks  
  79  5:47  SCV, Barracks  
  82  5:53  Supply Depot  
  82  5:54  Marauder  
  82  5:55  Medivac  
  82  5:56  SCV x2  
  88  6:01  Medivac  
  88  6:03  SCV  
  91  6:06  Supply Depot  
  91  6:08  SCV x2  
  91  6:10  Refinery, Widow Mine  
  95  6:12  Widow Mine  
  95  6:15  SCV  
  98  6:19  Refinery  
  98  6:20  SCV x2  
  98  6:21  Marauder  
  98  6:22  Marine  
  103  6:26  Supply Depot  
  103  6:27  SCV  
  103  6:28  Marine  
  103  6:29  Marauder  
  103  6:30  Medivac  
  103  6:31  Medivac  
  103  6:32  SCV x2  
  113  6:34  Widow Mine  
  113  6:39  SCV  
  116  6:42  Barracks Reactor, Barracks Tech Lab  
  116  6:44  SCV x2  
  118  6:48  Supply Depot  
  118  6:49  Armory, Supply Depot  
  118  6:50  Marauder  
  118  6:51  SCV  
  118  6:52  Engineering Bay  
  118  6:53  Marine, Terran Infantry Armor Level 1  
  122  6:56  SCV, Marauder  
  122  6:59  Marine  
  122  7:00  Supply Depot  
  126  7:05  Marine  
  126  7:07  Medivac x2  
  131  7:12  Widow Mine  
  131  7:13  Widow Mine  
  131  7:14  SCV  
  131  7:15  Marauder, Marine  
  138  7:23  Marauder, Marine  
  138  7:26  Command Center, Marine  
  138  7:27  Marauder  
  144  7:34  Supply Depot  
  144  7:37  Marauder  
  146  7:38  Starport  
  146  7:39  Ghost Academy  
  146  7:44  Medivac x2  
  148  7:48  Marauder x2, Marine  
  154  7:52  Terran Ship Weapons Level 1, Supply Depot  
  154  7:53  Supply Depot  
  152  8:01  Terran Infantry Weapons Level 2  
  155  8:09  Ghost  
  155  8:10  Ghost, Marine  
  155  8:11  SCV  
  155  8:12  SCV x2  
  156  8:14  Marine  
  156  8:15  Supply Depot  
  156  8:18  Supply Depot  
  156  8:19  Starport Reactor  
  157  8:21  Enhanced Shockwaves  
  157  8:23  SCV  
  157  8:24  Marine  
  157  8:25  Marauder  
  157  8:26  Marine  
  162  8:28  Marine  
  163  8:34  Marine  
  163  8:37  Viking  
  163  8:39  Marauder x2  
  170  8:41  Viking  
  170  8:42  Marine  
  170  8:44  Unknown, Marine  
  170  8:46  Marauder, Marine  
  176  8:52  Marine  
  177  8:57  SCV x2  
  177  9:00  Marauder x2, Marine  
  184  9:04  Planetary Fortress, Sensor Tower  
  184  9:06  Sensor Tower  
  184  9:08  Missile Turret  
  183  9:10  Command Center  
  181  9:17  Fusion Core  
  181  9:18  Terran Infantry Armor Level 2  
  181  9:25  Marauder, Marine  
  181  9:26  Marauder x2  
  181  9:28  Marine  
  181  9:29  Viking  
  181  9:30  Viking  
  192  9:44  Liberator x2  
  198  9:46  Barracks x2  
  198  9:47  Marauder  
  198  9:49  Barracks  
  199  10:06  Liberator  
  199  10:09  Marine  
  199  10:10  Marauder  
  193  10:14  SCV x3  
  193  10:19  Viking  
  193  10:21  Command Center  
  197  10:22  Marine  
  197  10:23  Marauder  
  197  10:27  Liberator  
  200  10:33  Marine  
  200  10:34  Marauder  
  200  10:36  Advanced Ballistics  
  200  10:38  Barracks Tech Lab  
  200  10:39  Personal Cloaking  
  200  10:56  Ghost  
  200  11:02  Liberator  
  200  11:03  Marine  
  200  11:04  Marauder  
  200  11:05  Barracks Tech Lab x2  
  195  11:11  Terran Ship Weapons Level 2  
  195  11:12  Unknown  
  195  11:19  Liberator  
  195  11:20  Supply Depot, Marauder  
  200  11:27  Command Center  
  200  11:31  Command Center  
  196  11:48  Liberator  
  196  11:51  Marine  
  196  11:52  Marauder, Marine  
  196  11:53  Marauder  
  186  11:55  Liberator  
  186  11:56  Liberator  
  186  11:59  SCV x3  
  195  12:05  Nuke  
  195  12:06  SCV, Liberator  
  194  12:11  SCV x3  
  187  12:23  SCV x2  
  187  12:24  SCV  
  179  12:31  Liberator  
  179  12:35  SCV  
  179  12:36  SCV x2  
  178  12:38  Liberator x2  
  181  12:45  Marauder, Marine  
  181  12:48  SCV, Marine  
  181  12:49  Liberator  
  179  12:55  Marine  
  179  12:56  Marauder  
  179  12:58  Marauder x4, Marine  
  166  13:03  Marine  
  164  13:06  Marine  
  164  13:07  Marauder  
  156  13:13  Marine  
  156  13:14  Medivac  
  156  13:15  Marine  
  156  13:17  Marauder  
  156  13:19  Marauder x2, Marine x2  
  146  13:20  Marine  
  146  13:21  Liberator x2  
  146  13:23  Marine  
  137  13:28  SCV, Marauder  
  137  13:30  SCV  
  137  13:31  Marine  
  137  13:33  Marine  
  138  13:37  Marine  
  138  13:38  Marauder, Marine  
  138  13:40  Marine, Liberator  
  138  13:41  Marauder, Marine  
  145  13:42  Planetary Fortress  
  145  13:46  SCV  
  140  13:49  Marauder, Marine  
  140  13:51  Marine  
  140  13:55  Missile Turret  
  142  13:56  Orbital Command  
  142  13:59  SCV  
  139  14:09  SCV x3  
  140  14:11  SCV  
  139  14:21  SCV x2  
  139  14:22  SCV  
  135  14:32  SCV  
  135  14:38  Marauder, Marine  
  129  14:42  Marauder  
  124  14:46  Marine  
  124  14:50  Marine  
  125  14:53  Marine  
  126  15:00  Marine  
  126  15:01  Marauder  
  126  15:06  Marine  
  130  15:08  Marauder  
  130  15:10  SCV  
  133  15:18  Marine  
  133  15:19  Marauder  
  133  15:20  Marauder  
  133  15:41  Ghost  
  133  15:42  Ghost x2, Marine  
  140  15:45  Marine  
  140  15:46  Marine  
  140  15:49  Marine  
  134  15:50  Marine  
  134  15:53  Marine  
  128  15:57  Marauder  
  128  16:01  Marine  
  123  16:09  Marauder, Marine  
  122  16:14  Orbital Command  
  122  16:17  Marauder  
  119  16:22  Marine  

Tags
 
Add a new tag
Caveats
  • Supply blocks, unpowered buildings, or Contaminate may cause inaccurate times.
  • Supply counts are checked every 10 seconds.